 Dungeon Crawl Stone Soup version 0.20.1-1-g8b1a95d (webtiles) character file.

1068 KoningWillie the Carver (level 8, -1/68 (69) HPs)
             Began as a Minotaur Fighter on Sept 22, 2017.
             Killed from afar by an orc wizard (10 damage)
             ... with a puff of flame
             ... on level 5 of the Dungeon.
             The game lasted 00:08:21 (5227 turns).

KoningWillie the Carver (Minotaur Fighter)          Turns: 5227, Time: 00:08:21

HP:   -1/68 (69)    AC:  7    Str: 23    XL:     8   Next: 7%
MP:   7/7           EV: 10    Int:  5    God:
Gold: 235           SH:  0    Dex:  6    Spells: 7/7 levels left

rFire    x . .     SeeInvis .   q - +8 great sword of the Wolf {slice, rElec rF- rN+++ Dex-4}
rCold    . . .     Gourm    .   (shield currently unavailable)
rNeg     + + +     Faith    .   b - +0 scale mail
rPois    .         Spirit   .   (helmet restricted)
rElec    +         Reflect  .   (no cloak)
rCorr    .         Harm     .   (no gloves)
MR       .....                  (no boots)
Stlth    ..........             (no amulet)
Regen    0.0/turn               (no ring)
MPRegen  0.1/turn               (no ring)

@: about to teleport, non-regenerating, badly diseased
A: retaliatory headbutt, horns 2
a: no special abilities


You were on level 5 of the Dungeon.
You were not hungry.

You visited 1 branch of the dungeon, and saw 5 of its levels.

You collected 235 gold pieces.

Inventory:

Hand Weapons
 a - a +0 long sword
 q - the +8 great sword of the Wolf (weapon) {slice, rElec rF- rN+++ Dex-4}
   (You found it on level 4 of the Dungeon)

   It inflicts extra damage upon your enemies.
   It affects your dexterity (-4).
   It makes you vulnerable to fire.
   It insulates you from electricity.
   It renders you almost immune to negative energy.
Armour
 b - a +0 scale mail (worn)
 c - a +0 shield
Jewellery
 g - a cursed amulet of inaccuracy
Wands
 n - a wand of polymorph (2/24)
Scrolls
 m - a scroll of teleportation
 o - a scroll of fear {unknown}
 p - 2 scrolls of remove curse {unknown}
 r - a scroll of enchant weapon {unknown}
 s - a scroll of noise {unknown}
Potions
 d - a potion of might
 e - 3 potions of curing
 h - a potion of cancellation
 i - a potion of flight {unknown}
Comestibles
 f - a bread ration
 j - 3 meat rations
 l - a royal jelly


   Skills:
 + Level 5.6 Fighting
 + Level 8.5 Long Blades
 + Level 6.7 Armour
 + Level 2.1 Dodging
 + Level 0.6 Stealth
 - Level 3.6 Shields


You had 7 spell levels left.
You didn't know any spells.

Dungeon Overview and Level Annotations

Branches:
Dungeon (5/15)
 Temple: D:4-7

Altars:
Nemelex Xobeh
Sif Muna
The Shining One

Annotations:
D:5 Grinder


Innate Abilities, Weirdness & Mutations

You reflexively headbutt those who attack you in melee.
You have a pair of horns on your head.


Message History

You are unaffected.
You hear some strange, mumbled words.
Something tries to affect you, but you resist.
The necrophage completely misses you. The orc hits you with a flail.
* * * LOW HITPOINT WARNING * * *
The orc wizard hits you but does no damage.
You miss something.
The shadow imp hits you but does no damage.
The orc wizard hits you but does no damage.
Something hits you but does no damage. The necrophage hits you.
* * * LOW HITPOINT WARNING * * *
You feel ill.
You feel your flesh rotting away! The orc closely misses you.
You furiously retaliate!
You headbutt the orc. The shadow imp hits you.
* * * LOW HITPOINT WARNING * * *
You closely miss something.
The orc wizard hits you but does no damage.
You hear some strange, mumbled words.
A puff of flame appears from out of thin air!
The puff of flame hits you! The fire burns you terribly!
You die...

..... #.## #...# ##.## .
#...# #.#.# #.#
#...##########... ..
#...#...#.......#
#.#####....###..#####..
#.##..>............#####.#
...?...)5oo...........##..
.......5)@.a.......##.##.†
.....#####n.((###..##.....
#### #.[(#...#........
#...########.###. #...#
#.# #. #...# #.. .. #...#
#.# .. ...## #.# .# ###..
#.


You could see Grinder, a necrophage, a worker ant, an orc wizard, a shadow imp
and an orc.

Vanquished Creatures
  A sky beast (D:5)
  An ogre (D:4)
  A centaur (D:5)
  A bullfrog (D:4)
  A howler monkey (D:4)
  2 crimson imps
  Crazy Yiuf (D:3)
  A centaur skeleton (D:5)
  2 orc priests
  2 iguanas
  3 orc wizards
  4 worker ants
  Natasha (twice) (D:2)
  A hound skeleton (D:4)
  6 adders
  4 gnolls (D:4)
  5 worms
  2 dart slugs
  5 leopard geckos
  17 orcs
  9 giant cockroaches
  14 goblins
  6 hobgoblins
  3 kobolds
  3 quokkas
  6 bats
  2 frilled lizards
  A goblin skeleton (D:4)
  A goblin zombie (D:4)
  2 hobgoblin zombies (D:4)
  A kobold skeleton (D:4)
  3 kobold zombies (D:4)
  An orc skeleton (D:4)
  2 orc zombies (D:4)
  7 rats
  4 fungi (D:3)
127 creatures vanquished.

Notes
Turn   | Place    | Note
-------+----------+-------------------------------------------
     0 | D:1      | KoningWillie the Minotaur Fighter began the quest for the Orb.
     0 | D:1      | Reached XP level 1. HP: 19/19 MP: 0/0
   288 | D:1      | Reached XP level 2. HP: 27/27 MP: 1/1
   972 | D:2      | Reached skill level 3 in Long Blades
   972 | D:2      | Reached XP level 3. HP: 28/33 MP: 2/2
  1326 | D:2      | Noticed Natasha
  1333 | D:2      | Killed Natasha
  1333 | D:2      | Reached XP level 4. HP: 18/40 MP: 3/3
  1503 | D:2      | Found a sparkling altar of Nemelex Xobeh.
  1543 | D:2      | Reached skill level 4 in Long Blades
  1775 | D:2      | Reached skill level 1 in Dodging
  2028 | D:2      | Noticed Natasha
  2033 | D:2      | Killed Natasha
  2084 | D:2      | Reached XP level 5. HP: 47/47 MP: 4/4
  2262 | D:3      | Reached skill level 5 in Long Blades
  2648 | D:3      | Reached skill level 5 in Armour
  3320 | D:3      | Found a runed door.
  3324 | D:3      | Noticed Crazy Yiuf
  3331 | D:3      | Killed Crazy Yiuf
  3675 | D:4      | Noticed an ogre
  3714 | D:4      | Reached XP level 6. HP: 48/53 MP: 5/5
  3744 | D:4      | Reached skill level 6 in Long Blades
  4132 | D:4      | Found a glowing golden altar of the Shining One.
  4249 | D:4      | Got a shimmering great sword
  4255 | D:4      | Identified the +8 great sword of the Wolf {slice, rElec rF- rN+++ Dex-4} (You found it on level 4 of the Dungeon)
  4392 | D:4      | Reached skill level 7 in Long Blades
  4422 | D:4      | Reached XP level 7. HP: 34/60 MP: 6/6
  4590 | D:4      | Reached skill level 5 in Fighting
  5005 | D:5      | Entered Level 5 of the Dungeon
  5031 | D:5      | Reached skill level 8 in Long Blades
  5144 | D:5      | Found a deep blue altar of Sif Muna.
  5202 | D:5      | Reached XP level 8. HP: 41/69 MP: 7/7
  5216 | D:5      | Noticed Grinder
  5223 | D:5      | HP: 2/69 [orc wizard/dagger (3)]
  5227 | D:5      | Killed from afar by an orc wizard

Skill      XL: |  1  2  3  4  5  6  7 |
---------------+----------------------+-----
Armour         | 4 5 6 |  6.7
Fighting       | 4 5 |  5.6
Long Blades    | 3 4 5 7 8 |  8.5
Dodging        | 1 2 |  2.1
Stealth        | |  0.6
Shields        | |  3.6

Action                   |  1- 3 |  4- 6 |  7- 9 || total
-------------------------+-------+-------+-------++-------
Melee: Long sword        |    99 |   170 |       ||   269
       Headbutt          |     9 |    33 |     4 ||    46
       Great sword       |       |     7 |    35 ||    42
  Use: Scroll            |     1 |     5 |     3 ||     9
       Potion            |       |       |     3 ||     3
  Eat: Chunk             |     1 |     1 |       ||     2
       Bread ration      |       |     2 |       ||     2
       Meat ration       |       |     1 |       ||     1
Armor: Scale mail        |    46 |    42 |    50 ||   138
Dodge: Dodged            |    22 |    43 |    37 ||   102
Block: Shield            |    39 |    64 |       ||   103
       Rpst.: Long sword |     6 |    17 |       ||    23
       Great sword       |       |     1 |     8 ||     9
